 Dungeon Crawl Stone Soup version 0.22-a0-469-gf26638a (webtiles) character file.

10057 Gildeon the Cleaver (level 11, -10/99 HPs)
             Began as a Minotaur Fighter on June 12, 2018.
             Was an Elder of Okawaru.
             Killed by the air
             ... invoked by Gastronok
              (21 damage)
             ... on level 2 of the Lair of Beasts.
             The game lasted 00:36:52 (10855 turns).

Gildeon the Cleaver (Minotaur Fighter)             Turns: 10855, Time: 00:36:53

Health: -10/99     AC: 18    Str: 21    XL:     11   Next: 31%
Magic:  12/12      EV: 11    Int:  9    God:    Okawaru [****..]
Gold:   598        SH:  3    Dex: 13    Spells: 11/13 levels left

rFire    . . .     SeeInvis .   a - +1 war axe
rCold    . . .     Gourm    .   (no shield)
rNeg     . . .     Faith    .   w - +3 plate armour
rPois    .         Spirit   .   (helmet restricted)
rElec    .         Reflect  +   (no cloak)
rCorr    .         Harm     .   l - +0 pair of gloves
MR       +....                  (no boots)
Stlth    ..........             x - +3 amulet of reflection
HPRegen  0.26/turn              g - ring of protection from magic
MPRegen  0.13/turn              n - +2 ring of intelligence

@: slowed, very slow
A: retaliatory headbutt, horns 2, agile 1, mutation resistance 1
a: Heroism, Renounce Religion


You were on level 2 of the Lair of Beasts.
You worshipped Okawaru.
Okawaru was greatly pleased with you.
You were hungry.

You visited 3 branches of the dungeon, and saw 11 of its levels.

You collected 598 gold pieces.

Inventory:

Hand Weapons
 a - a +1 war axe (weapon)
 c - a +1 mace of crushing
Armour
 l - a +0 pair of gloves (worn)
 w - a +3 plate armour (worn)
Jewellery
 g - a ring of protection from magic (left hand)
 n - a +2 ring of intelligence (right hand)
 x - a +3 amulet of reflection (around neck)
 z - an uncursed ring of ice
Wands
 h - a wand of acid (5)
 v - a wand of digging (10)
Scrolls
 b - 2 scrolls of remove curse
 d - 2 scrolls of fog
 j - 4 scrolls of teleportation
 p - 3 scrolls of identify
Potions
 e - 3 potions of flight
 f - 2 potions of might
 i - 2 potions of haste
 m - 2 potions of ambrosia
 o - 2 potions of lignification
 r - a potion of berserk rage
 t - 2 potions of magic
 u - 2 potions of degeneration {unknown}
Comestibles
 k - 8 chunks of flesh
 s - 14 rations


   Skills:
 - Level 10.0 Fighting
 + Level 10.8 Axes
 - Level 10.0 Armour
 + Level 9.7 Dodging
   Level 3.6 Shields
 + Level 1.5 Spellcasting
 + Level 1.4 Hexes
 + Level 3.5 Invocations
 - Level 3.0 Evocations


You had 11 spell levels left.
You knew the following spells:

 Your Spells              Type           Power        Failure   Level  Hunger
a - Confusing Touch       Hex            #.....       96%         1    ##.....
b - Corona                Hex            #......      96%         1    ##.....

Your spell library contained the following spells:

 Spells                   Type           Power        Failure   Level  Hunger
 Apportation              Tloc           #.....       99%         1    ##.....
 Confuse                  Hex            #.......     100%        3    ####...
 Mephitic Cloud           Conj/Pois/Air  #.......     100%        3    ####...
 Summon Small Mammal      Summ           #...         99%         1    ##.....
 Animate Dead             Necr           N/A          100%        4    #####..
 Pain                     Necr           #...         99%         1    ##.....
 Animate Skeleton         Necr           N/A          99%         1    ##.....
 Vampiric Draining        Necr           #.........   100%        3    ####...
 Freeze                   Ice            #...         99%         1    ##.....
 Regeneration             Chrm/Necr      #.........   100%        3    ####...
 Sting                    Conj/Pois      #...         99%         1    ##.....
 Tukima's Dance           Hex            #.......     100%        3    ####...
 Spider Form              Tmut/Pois      #.........   100%        3    ####...
 Ice Form                 Ice/Tmut       #.......     100%        4    #####..
 Ensorcelled Hibernation  Hex/Ice        #.....       99%         2    ###....
 Simulacrum               Ice/Necr       #.........   100%        6    #######
 Dazzling Spray           Conj/Hex       #.....       100%        3    ####...


Dungeon Overview and Level Annotations

Branches:
Dungeon (8/15)             Temple (1/1) D:5            Lair (2/6) D:8
  Swamp: Lair:2-4    Shoals: Lair:2-4     Snake: Lair:2-4    Spider: Lair:2-4

Altars:
Ashenzari
Cheibriados
Dithmenos
Elyvilon
Fedhas
Gozag
Hepliaklqana
Kikubaaqudgha
Makhleb
Nemelex Xobeh
Okawaru
Ru
Sif Muna
Trog
Uskayaw
Vehumet
Wu Jian
Xom
Yredelemnul
Zin
The Shining One
Jiyva

Annotations:
D:5 1 runed door
Lair:2 Gastronok


Innate Abilities, Weirdness & Mutations

You reflexively headbutt those who attack you in melee.
You have a pair of horns on your head.
You are agile. (Dex +2)
You are somewhat resistant to further mutation.


Message History

* * * LOW HITPOINT WARNING * * *
You hit Gastronok.
You headbutt Gastronok, but do no damage.
Gastronok is severely wounded.
Gastronok looks at you while chanting.
You feel as though you will be slow longer.
You hit Gastronok but do no damage.
Gastronok is heavily wounded.
You slash Gastronok! You headbutt Gastronok!
Gastronok is severely wounded.
Gastronok wobbles crazily.
You hit Gastronok but do no damage. You headbutt Gastronok.
Gastronok is severely wounded.
Gastronok bites you but does no damage.
Unknown command.
You slash Gastronok!
Gastronok is almost dead.
Gastronok waves his eye-stalks in wide circles.
The air twists around and strikes you!
You die...
P

+......... ≈P≈ P♣##.
...#.......#. P≈≈ ≈≈♣P.
. ............#. ≈≈≈
≈P≈... . ............P.
≈≈≈ ≈..(..
.##....#.##..P... ...
....$.##.P..............
≈≈≈
♣<....................
≈≈≈
♣....................
≈≈≈ ♣.w@................
≈♣♣ ♣♣..†...............
≈♣ ♣P............>.....
≈♣ ≈.≈
♣♣.##.#..#.#.#+##P.. ♣
≈.≈≈♣.....#...##.#.###..
♣≈.....#.........#...
♣♣.....#..#......##..
♣♣.....#...#......#..
♣≈.....#..#.......#..


You could see Gastronok.

Vanquished Creatures
  2 two-headed ogres
  An ugly thing (D:8)
  An oklob plant (Lair:1)
  Grinder (D:5)
  3 blink frogs (Lair:2)
  A hippogriff (D:6)
  Sigmund (D:2)
  8 yaks (Lair:1)
  6 soldier ants (D:5)
  8 water moccasins
  3 porcupines
  A sky beast (D:6)
  2 phantoms
  A black bear (D:8)
  A hornet zombie (D:7)
  An ice beast (D:8)
  2 eyes of draining
  A necrophage (D:5)
  2 centaurs
  2 ogres (D:7)
  3 crocodiles
  A big kobold (D:7)
  Blork the orc (D:4)
  3 bullfrogs
  A scorpion (D:4)
  13 killer bees
  5 howler monkeys
  3 crimson imps
  5 jellies
  6 hounds
  2 orc wizards (D:3)
  A bullfrog skeleton (D:5)
  A centaur skeleton (D:6)
  An orc priest (D:3)
  5 iguanas
  Natasha (twice) (D:3)
  14 worker ants
  3 hound zombies
  A worker ant zombie (D:7)
  10 gnolls
  8 adders
  4 shadow imps
  3 worms
  2 dart slugs
  5 leopard geckos
  12 orcs
  5 giant cockroaches
  5 goblins
  4 hobgoblins
  3 jackals (D:3)
  3 quokkas
  2 ball pythons (D:3)
  6 bats
  6 frilled lizards
  A jackal zombie (D:5)
  26 kobolds
  2 leopard gecko skeletons
  A quokka zombie (D:5)
  5 rats
  12 plants
244 creatures vanquished.

Notes
Turn   | Place    | Note
-------+----------+-------------------------------------------
     0 | D:1      | Gildeon the Minotaur Fighter began the quest for the Orb.
     0 | D:1      | Reached XP level 1. HP: 19/19 MP: 0/0
   260 | D:1      | Reached XP level 2. HP: 27/27 MP: 1/1
   478 | D:1      | Reached skill level 1 in Dodging
   826 | D:2      | Reached XP level 3. HP: 12/33 MP: 2/2
  1428 | D:2      | Noticed Sigmund
  1432 | D:2      | Killed Sigmund
  1432 | D:2      | Reached XP level 4. HP: 41/41 MP: 3/3
  1432 | D:2      | Reached XP level 5. HP: 47/47 MP: 4/4
  1706 | D:3      | Reached skill level 5 in Fighting
  1706 | D:3      | Reached skill level 5 in Armour
  1720 | D:3      | Reached XP level 6. HP: 47/56 MP: 5/5
  2298 | D:3      | Reached skill level 5 in Axes
  2392 | D:3      | Found a shadowy altar of Dithmenos.
  2512 | D:3      | Noticed Natasha
  2513 | D:3      | Killed Natasha
  2563 | D:3      | Found a shattered altar of Ashenzari.
  2659 | D:3      | Noticed Natasha
  2664 | D:3      | Killed Natasha
  2937 | D:4      | Found a shattered altar of Ashenzari.
  2986 | D:4      | Reached XP level 7. HP: 61/61 MP: 5/7
  3056 | D:4      | Reached skill level 1 in Spellcasting
  3126 | D:4      | Noticed Blork the orc
  3134 | D:4      | Killed Blork the orc
  3144 | D:4      | Reached skill level 5 in Dodging
  3260 | D:4      | Found an opulent altar of Gozag.
  3501 | D:5      | Entered Level 5 of the Dungeon
  3501 | D:5      | Found a runed gate.
  3502 | D:5      | Found a runed door.
  3562 | D:5      | HP: 1/61 [shadow imp/nerve-wracking pain (7)]
  3892 | D:5      | Reached XP level 8. HP: 65/69 MP: 8/8
  4028 | D:5      | Found a staircase to the Ecumenical Temple.
  4073 | Temple   | Entered the Ecumenical Temple
  4669 | D:5      | Found a burning altar of Makhleb.
  4707 | D:5      | Found the +9 staff of Olgreb {rPois}
  4833 | D:5      | Found a runed door.
  4835 | D:5      | Found a runed gate.
  4843 | D:5      | Found a runed gate.
  4863 | D:5      | Noticed Grinder
  4878 | D:5      | Killed Grinder
  4878 | D:5      | Reached skill level 1 in Evocations
  5514 | D:6      | Found an iron altar of Okawaru.
  5576 | D:6      | Reached XP level 9. HP: 59/78 MP: 9/9
  5708 | D:6      | Noticed a two-headed ogre
  5715 | D:6      | Killed a two-headed ogre
  6039 | D:6      | Found a bloodstained altar of Trog.
  6060 | D:6      | Gained mutation: You are agile. (Dex +2) [potion of mutation]
  6060 | D:6      | Gained mutation: You are somewhat resistant to further mutation. [potion of mutation]
  6245 | D:6      | Became a worshipper of Warmaster Okawaru
  6508 | D:7      | Learned a level 1 spell: Confusing Touch
  6714 | D:7      | Found a shimmering altar of Xom.
  6751 | D:7      | Found a basalt altar of Yredelemnul.
  6964 | D:7      | Identified the Papyrus of Icy Envenoming
  7124 | D:7      | Reached skill level 1 in Invocations
  7184 | D:7      | Found a hazy altar of Hepliaklqana.
  7677 | D:5      | Reached * piety under Okawaru
  7688 | D:5      | Reached skill level 1 in Hexes
  7688 | D:5      | Reached XP level 10. HP: 62/90 MP: 10/10
  7756 | D:5      | Reached ** piety under Okawaru
  8545 | D:8      | Noticed a two-headed ogre
  8557 | D:8      | Killed a two-headed ogre
  8557 | D:8      | Reached skill level 10 in Axes
  8642 | D:8      | Found a staircase to the Lair.
  8667 | D:8      | Noticed a brown ugly thing
  8696 | D:8      | Killed a brown ugly thing
  9080 | D:8      | Reached *** piety under Okawaru
  9107 | D:8      | Found a radiant altar of Vehumet.
  9114 | D:8      | Found a viscous altar of Jiyva.
  9225 | D:8      | Learned a level 1 spell: Corona
  9696 | Lair:1   | Entered Level 1 of the Lair of Beasts
  9696 | Lair:1   | Found a basalt altar of Yredelemnul.
  9696 | Lair:1   | Noticed an oklob plant
  9704 | Lair:1   | Killed an oklob plant
  9746 | Lair:1   | Found a labyrinth entrance.
  9750 | Lair:1   | Reached XP level 11. HP: 99/99 MP: 12/12
  9915 | Lair:1   | Reached skill level 10 in Fighting
  9926 | Lair:1   | Reached **** piety under Okawaru
 10224 | Lair:1   | Reached skill level 10 in Armour
 10828 | Lair:2   | Noticed Gastronok
 10855 | Lair:2   | Killed from afar by Gastronok

Vault maps used:
D:1:      lightli_arrival_chessboard, glass_columns_b,
          minmay_misc_feat_secret_circle
D:2:      uniq_sigmund
D:3:      nicolae_dithmenos_through_a_glass_darkly, evilmike_ruin_ashenzari,
          uniq_natasha
D:4:      kennysheep_mini_moat, first_ration, grunt_gozag_statues,
          uniq_blork_the_orc
D:5:      nicolae_overflow_crystal_walls, temple_doors_cd,
          minmay_guarded_unrand_staff_of_olgreb, uniq_grinder
D:6:      nicolae_overflow_hidden_temple, lemuel_coloured_pillars_altar
D:7:      kennysheep_kobold_camp, lemuel_round_altar, marbit_many_paths,
          kennysheep_little_box, grunt_ogre_cave
D:8:      vehumet_crystals, lair_entry_dummy, jiyva_altar_1
Temple:   hc_temple_tempest_star
Lair:1:   lab_entry_generic, lemuel_oklob_altar
Lair:2:   serial_bayou, serial_bayou_lagoon_a, serial_bayou_pond_e,
          serial_bayou_shore_b, serial_bayou_lagoon_b, serial_bayou_shore_b,
          lemuel_fruit_tree, uniq_gastronok

Skill      XL: |  1  2  3  4  5  6  7  8  9 10 11 |
---------------+----------------------------------+-----
Dodging        | 1 2 3 4 5 6 8 9 |  9.7
Fighting       | 4 5 6 8 9 10 | 10.0
Armour         | 4 5 6 8 9 10 | 10.0
Axes           | 3 4 5 6 7 9 10 | 10.8
Spellcasting   | 1 |  1.5
Evocations     | 2 3 |  3.0
Invocations    | 1 3 |  3.5
Hexes          | 1 |  1.4
Shields        | |  3.6

Action                   |  1- 3 |  4- 6 |  7- 9 | 10-12 || total
-------------------------+-------+-------+-------+-------++-------
Melee: War axe           |    79 |    93 |   433 |   298 ||   903
       Headbutt          |     8 |    18 |   106 |    88 ||   220
Invok: Heroism           |       |       |       |     1 ||     1
Evoke: Wand              |       |       |     1 |     2 ||     3
  Use: Scroll            |     3 |     7 |    10 |     8 ||    28
       Potion            |     1 |     1 |     3 |     8 ||    13
  Eat: Ration            |     1 |       |     5 |     1 ||     7
       Chunk             |       |     3 |     1 |     4 ||     8
Armor: Scale mail        |    31 |       |       |       ||    31
       Chain mail        |     7 |    66 |    39 |       ||   112
       Plate armour      |       |       |   152 |   155 ||   307
Dodge: Dodged            |    50 |    45 |   150 |   130 ||   375
Block: Other             |       |       |    21 |    36 ||    57
       Reflection        |       |       |     2 |       ||     2

Table legend:
 A = Spawn XP
 B = Non-spawn XP
 C = Spawn XP percentage of total XP
 D = Spawn monster count
 E = Non-spawn monster count
 F = Spawn count percentage of total count
 G = Total turns spent on level
                    A         B        C        D         E        F      G
               +---------+---------+-------+---------+---------+-------+---------
         Total |       0 |   14368 |   0.0 |       0 |     232 |   0.0 | 10855
               +---------+---------+-------+---------+---------+-------+---------
           D:1 |       0 |      28 |   0.0 |       0 |      15 |   0.0 |   733
           D:2 |       0 |     247 |   0.0 |       0 |      11 |   0.0 |   933
           D:3 |       0 |     416 |   0.0 |       0 |      44 |   0.0 |  1213
           D:4 |       0 |     463 |   0.0 |       0 |      12 |   0.0 |   928
           D:5 |       0 |    3166 |   0.0 |       0 |      52 |   0.0 |  1636
           D:6 |       0 |    2119 |   0.0 |       0 |      19 |   0.0 |  1257
           D:7 |       0 |    1007 |   0.0 |       0 |      36 |   0.0 |  1401
           D:8 |       0 |    2626 |   0.0 |       0 |      21 |   0.0 |  1203
        Lair:1 |       0 |    2796 |   0.0 |       0 |      14 |   0.0 |   679
        Lair:2 |       0 |    1500 |   0.0 |       0 |       8 |   0.0 |   480
               +---------+---------+-------+---------+---------+-------+---------
